 Dungeon Crawl Stone Soup version 0.26-a0-784-g51bffae0b1 (webtiles) character file.

Game seed: 12266771084456604587

1082 Gargoyl the Skirmisher (level 8, -1/67 HPs)
             Began as a Gnoll Abyssal Knight on Nov 10, 2020.
             Was an Elder of Lugonu.
             Slain by a wight
             ... wielding a +4 falchion
              (3 damage)
             ... on level 5 of the Dungeon.
             The game lasted 00:07:03 (5420 turns).

Gargoyl the Skirmisher (Gnoll Abyssal Knight)       Turns: 5420, Time: 00:07:03

Health: -1/67      AC: 15    Str: 22    XL:     8   Next: 30%
Magic:  12/12      EV: 23    Int: 15    God:    Lugonu [****..]
Gold:   352        SH:  0    Dex: 15    Spells: 13/13 levels left

rFire    . . .     SeeInvis .   a - +4 hand axe
rCold    . . .     Faith    .   (no shield)
rNeg     . . .     Spirit   .   k - +0 plate armour
rPois    .         Reflect  .   m - +0 helmet
rElec    .         Harm     .   (no cloak)
rCorr    .         Rampage  .   c - +1 pair of gloves
MR       .....                  (no boots)
Stlth    ..........             g - amulet of the acrobat
HPRegen  0.21/turn              q - ring of stealth
MPRegen  0.13/turn              p - +6 ring of strength

@: mighty, acrobat, heavily drained
A: distributed training, fangs 1, strong nose
a: Depart the Abyss, Bend Space, Banish, Corrupt, Renounce Religion


You were on level 5 of the Dungeon.
You worshipped Lugonu.
Lugonu was greatly pleased with you.
You visited 1 branch of the dungeon, and saw 5 of its levels.
You visited the Abyss 1 time.

You collected 352 gold pieces.

Inventory:

Hand Weapons
 a - a +4 hand axe (weapon)
 o - a +2 hand axe of flaming
Missiles
 n - 5 poisoned darts (quivered)
Armour
 c - a +1 pair of gloves (worn)
 k - a +0 plate armour (worn)
 m - a +0 helmet (worn)
Jewellery
 g - an amulet of the acrobat (around neck)
 p - a +6 ring of strength (right hand)
 q - a ring of stealth (left hand)
Wands
 r - a wand of random effects (8)
Scrolls
 d - 5 scrolls of teleportation
 i - 8 scrolls of remove curse
Potions
 b - a potion of haste
 e - a potion of heal wounds {unknown}
 f - a potion of might
 h - 2 potions of ambrosia {unknown}
 j - a potion of mutation {unknown}
 l - 2 potions of flight {unknown}
 s - a potion of invisibility {unknown}
 t - 3 potions of curing {unknown}


   Skills:
 + Level 7.3(6.0) Fighting
 + Level 3.1(2.0) Short Blades
 + Level 3.1(2.0) Long Blades
 + Level 5.6(4.3) Axes
 + Level 3.1(2.0) Maces & Flails
 + Level 3.1(2.0) Polearms
 + Level 3.1(2.0) Staves
 + Level 3.1(2.0) Slings
 + Level 3.1(2.0) Bows
 + Level 3.1(2.0) Crossbows
 + Level 3.1(2.0) Throwing
 + Level 5.6(4.3) Armour
 + Level 4.1(2.9) Dodging
 + Level 3.1(2.0) Stealth
 + Level 3.1(2.0) Shields
 + Level 3.1(2.0) Unarmed Combat
 + Level 3.1(2.0) Spellcasting
 + Level 2.5(1.4) Conjurations
 + Level 2.5(1.4) Hexes
 + Level 2.5(1.4) Summonings
 + Level 2.5(1.4) Necromancy
 + Level 2.5(1.4) Translocations
 + Level 2.5(1.4) Transmutations
 + Level 2.5(1.4) Fire Magic
 + Level 2.5(1.4) Ice Magic
 + Level 2.5(1.4) Air Magic
 + Level 2.5(1.4) Earth Magic
 + Level 2.5(1.4) Poison Magic
 + Level 5.8(4.5) Invocations
 + Level 3.1(2.0) Evocations


You had 13 spell levels left.
You didn't know any spells.
Your spell library was empty.

Dungeon Overview and Level Annotations

Branches:
Dungeon (5/15)
 Temple: D:4-7

Altars:
Cheibriados
Fedhas
Qazlal
Uskayaw


Innate Abilities, Weirdness & Mutations

Your experience applies equally to all skills.
You have very sharp teeth.
Your uncanny sense of smell can sniff out nearby items.


Message History

* * * LOW HITPOINT WARNING * * *
You feel drained.
* * * LOW HITPOINT WARNING * * *
You hit the wight.
The wight is heavily damaged.
You barely miss the wight. The wight hits you but does no damage.
The wight hits you with a +4 falchion.
* * * LOW HITPOINT WARNING * * *
You feel drained.
Unknown command.
It was a potion of might.
You feel very mighty all of a sudden.
The wight hits you with a cursed +0 scimitar.
* * * LOW HITPOINT WARNING * * *
The wight hits you with a +4 falchion.
* * * LOW HITPOINT WARNING * * *
Unknown command.
Okay, then.
The wight hits you with a +4 falchion.
You die...

###### ###### #....#
##############....# #....#
#............#....# #....#
#.....)).....#....#
#..<.######....)......'....#
#.........#....)[.....#..<.####
#####.....#..##zz.....#........
#.....#. #@......#........
#.....# #........#........#
#.....# #........'........#
#.....# #........#........#
#.....# #.......(#........#
#.....# #........#........#
####.....#∆ #........##'##....#
#........# #.......†....#....#
#.##.....# ............#)...#


You could see 2 wights.

Vanquished Creatures
  An ogre (D:4)
  A centaur (D:5)
  A scorpion (D:4)
  2 wights (D:5)
  A howler monkey (D:4)
  A hound (D:5)
  6 orc priests
  Jessica (D:3)
  An iguana (D:4)
  4 orc wizards
  4 worker ants
  A worker ant zombie (D:5)
  Robin (D:3)
  9 adders
  An ooze (D:2)
  2 worms (D:2)
  4 dart slugs
  7 leopard geckos
  18 orcs
  10 giant cockroaches
  15 goblins
  19 hobgoblins
  8 jackals
  11 kobolds
  2 quokkas (D:2)
  2 ball pythons (D:2)
  11 bats
  6 frilled lizards
  A leopard gecko skeleton (D:4)
  A quokka skeleton (D:4)
  A quokka zombie (D:2)
  7 rats
160 creatures vanquished.

Vanquished Creatures (others)
  6 plants (D:1)
6 creatures vanquished.

Grand Total: 166 creatures vanquished

Notes
Turn   | Place    | Note
-------+----------+-------------------------------------------
     0 | Abyss:1  | Gargoyl the Gnoll Abyssal Knight began the quest for the
                  | Orb.
     0 | Abyss:1  | Reached XP level 1. HP: 23/23 MP: 3/3
    76 | Abyss:1  | Noticed a smoke demon
    81 | Abyss:1  | Noticed an ice devil
   117 | D:1      | Escaped the Abyss
   213 | D:1      | Reached XP level 2. HP: 18/29 MP: 5/5
   219 | D:1      | Reached * piety under Lugonu
   486 | D:1      | Reached XP level 3. HP: 19/35 MP: 6/6
  1347 | D:2      | Reached ** piety under Lugonu
  1429 | D:2      | Reached skill level 1 in Short Blades
  1429 | D:2      | Reached skill level 1 in Long Blades
  1429 | D:2      | Reached skill level 1 in Maces & Flails
  1429 | D:2      | Reached skill level 1 in Polearms
  1429 | D:2      | Reached skill level 1 in Staves
  1429 | D:2      | Reached skill level 1 in Slings
  1429 | D:2      | Reached skill level 1 in Bows
  1429 | D:2      | Reached skill level 1 in Crossbows
  1429 | D:2      | Reached skill level 1 in Throwing
  1429 | D:2      | Reached skill level 1 in Stealth
  1429 | D:2      | Reached skill level 1 in Shields
  1429 | D:2      | Reached skill level 1 in Unarmed Combat
  1429 | D:2      | Reached skill level 1 in Spellcasting
  1429 | D:2      | Reached skill level 1 in Evocations
  1445 | D:2      | Found a blossoming altar of Fedhas.
  1455 | D:2      | Reached XP level 4. HP: 41/41 MP: 7/7
  1546 | D:2      | Found a stormy altar of Qazlal.
  1698 | D:2      | Reached skill level 1 in Conjurations
  1698 | D:2      | Reached skill level 1 in Hexes
  1698 | D:2      | Reached skill level 1 in Summonings
  1698 | D:2      | Reached skill level 1 in Necromancy
  1698 | D:2      | Reached skill level 1 in Translocations
  1698 | D:2      | Reached skill level 1 in Transmutations
  1698 | D:2      | Reached skill level 1 in Fire Magic
  1698 | D:2      | Reached skill level 1 in Ice Magic
  1698 | D:2      | Reached skill level 1 in Air Magic
  1698 | D:2      | Reached skill level 1 in Earth Magic
  1698 | D:2      | Reached skill level 1 in Poison Magic
  1993 | D:2      | Reached XP level 5. HP: 45/47 MP: 8/8
  2274 | D:2      | Reached *** piety under Lugonu
  2649 | D:3      | Noticed Robin
  2663 | D:3      | Killed Robin
  2842 | D:3      | Noticed Jessica
  2850 | D:3      | Killed Jessica
  2850 | D:3      | Reached skill level 5 in Invocations
  2850 | D:3      | Reached XP level 6. HP: 51/53 MP: 9/9
  3231 | D:3      | Reached **** piety under Lugonu
  3474 | D:4      | Reached skill level 5 in Axes
  3474 | D:4      | Reached skill level 5 in Armour
  3589 | D:4      | Found a hide-covered altar of Uskayaw.
  3590 | D:4      | Found a snail-covered altar of Cheibriados.
  3888 | D:4      | Reached XP level 7. HP: 45/59 MP: 10/10
  3991 | D:4      | Reached skill level 7 in Fighting
  4923 | D:5      | Entered Level 5 of the Dungeon
  5341 | D:5      | Reached XP level 8. HP: 67/67 MP: 12/12
  5418 | D:5      | HP: 1/67 [wight/+4 falchion (3)]
  5420 | D:5      | Slain by a wight

Illustrated notes

Levels and vault maps discovered:
D:1:      roderic_crop_circles_arrival_small, layout_basic
D:2:      minmay_skewed_foursquare, layout_loops_ring, old_standard_altar,
          fedhas_altar_2
D:3:      layout_rooms, minmay_box_of_dots, uniq_robin, uniq_jessica
D:4:      layout_gridville, grunt_temple_overflow_open
D:5:      minmay_evil_eye, layout_gridville

Skill      XL: |  1  2  3  4  5  6  7  8 |
---------------+-------------------------+-----
Short Blades   | 1 2 3 |  3.1
Long Blades    | 1 2 3 |  3.1
Maces & Flails | 1 2 3 |  3.1
Polearms       | 1 2 3 |  3.1
Staves         | 1 2 3 |  3.1
Slings         | 1 2 3 |  3.1
Bows           | 1 2 3 |  3.1
Crossbows      | 1 2 3 |  3.1
Throwing       | 1 2 3 |  3.1
Stealth        | 1 2 3 |  3.1
Shields        | 1 2 3 |  3.1
Unarmed Combat | 1 2 3 |  3.1
Spellcasting   | 1 2 3 |  3.1
Evocations     | 1 2 3 |  3.1
Conjurations   | 1 2 |  2.5
Hexes          | 1 2 |  2.5
Summonings     | 1 2 |  2.5
Necromancy     | 1 2 |  2.5
Translocations | 1 2 |  2.5
Transmutations | 1 2 |  2.5
Fire Magic     | 1 2 |  2.5
Ice Magic      | 1 2 |  2.5
Air Magic      | 1 2 |  2.5
Earth Magic    | 1 2 |  2.5
Poison Magic   | 1 2 |  2.5
Dodging        | 3 4 |  4.1
Invocations    | 5 |  5.8
Axes           | 5 |  5.6
Armour         | 5 |  5.6
Fighting       | 7 |  7.3

Action                   |  1- 3 |  4- 6 |  7- 9 || total
-------------------------+-------+-------+-------++-------
Melee: Hand axe          |    92 |   239 |   121 ||   452
       Bite              |     4 |    33 |    15 ||    52
       Punch             |       |     1 |     3 ||     4
Invok: Depart the Abyss  |     1 |       |       ||     1
  Use: Scroll            |     2 |     8 |     4 ||    14
       Potion            |       |       |     1 ||     1
 Stab: Sleeping          |     1 |     1 |       ||     2
Armor: Leather armour    |    17 |       |       ||    17
       Ring mail         |    23 |    90 |       ||   113
       Chain mail        |       |    23 |    56 ||    79
       Plate armour      |       |       |    41 ||    41
Dodge: Dodged            |    79 |   161 |    55 ||   295

Table legend: (Time is in decaauts)
 A = Elapsed time spent in this place.
 B = Non-inter-level travel time spent in this place.
 C = Inter-level travel time spent in this place.
 D = Time resting spent in this place.
 E = Time spent auto-exploring this place.
 F = Levels seen in this place.
 G = Mean time per level.
                   A        B        C        D        E       F      G
               +--------+--------+--------+--------+--------+-----+--------+
         Total |   5445 |   5326 |    119 |    715 |   3434 |   6 |  907.5 |
       Dungeon |   5328 |   5209 |    119 |    715 |   3372 |   5 | 1065.6 |
         Abyss |    117 |    117 |      0 |      0 |     62 |   1 |  117.0 |
               +--------+--------+--------+--------+--------+-----+--------+

Top non-repeatable levels by time:
     D:4: 1496 daAuts
     D:2: 1253 daAuts
     D:1: 1222 daAuts
     D:3: 857 daAuts
     D:5: 498 daAuts
 Abyss:1: 117 daAuts
